General information
- name: BNet
- type: Ladder team game (AT/RT)
- host: Battle.net
- saver: CHEERSF.UCKERS
map: Deathknell
- players: 8
- length: 70:20
- speed: Fast
- version: 1.26 W3XP
- replay type: Public
» download(435 KB)
Players
team 1 (loser)

»
SUSHiiALLDAY.co (
red | 97 APM | 6842 actions | 70:18)
7 Death Knight
3 Death Coil
3 Unholy Aura
1 Animate Dead
6 Lich
3 Frost Nova
2 Dark Ritual
1 Death and Decay
4 Dreadlord
2 Sleep
2 Vampiric Aura
» actions
| Assign group hotkey | 49 | |
| Basic commands | 476 | |
| Build / train | 108 | |
| ESC pressed | 3 | |
| Enter build submenu | 30 | |
| Enter hero's abilities submenu | 18 | |
| Give item / drop item | 1 | |
| Right click | 1764 | |
| Select / deselect | 1559 | |
| Select group hotkey | 2532 | |
| Use ability | 300 | |
6842 total
» units
| Acolyte | 19 | |
| Ghoul | 3 | |
| Crypt Fiend | 27 | |
| Obsidian Statue | 4 | |
53 total
» upgrades
| Creature Attack | 3 | |
| Creature Carapace | 2 | |
| Web | 1 | |
6 total
» buildings
| Crypt | 2 | |
| Graveyard | 1 | |
| Ziggurat | 10 | |
| Altar of Darkness | 1 | |
| Tomb of Relics | 2 | |
| Halls of the Dead | 1 | |
| Slaughterhouse | 1 | |
| Black Citadel | 1 | |
| Spirit Tower | 3 | |
| Sacrificial Pit | 1 | |
| Boneyard | 1 | |
24 total
» build order
00:38 Crypt
00:55 Graveyard
00:59 Ziggurat
01:03 Altar of Darkness
01:29 Ziggurat
01:55 Tomb of Relics
04:23 Halls of the Dead
04:25 Ziggurat
06:22 Ziggurat
07:10 Slaughterhouse
09:14 Black Citadel
09:19 Ziggurat
17:04 Spirit Tower
21:47 Ziggurat
21:47 Ziggurat
22:00 Ziggurat
22:01 Sacrificial Pit
22:03 Ziggurat
22:05 Crypt
22:24 Ziggurat
22:32 Tomb of Relics
22:35 Spirit Tower
25:21 Boneyard
» items
| Rod of Necromancy | 9 | |
| Scroll of Town Portal | 4 | |
| Orb of Corruption | 1 | |
| Potion of Healing | 2 | |
| Scroll of Healing | 1 | |
17 total
gila15 (
blue | 8 APM | 568 actions | 70:18)
2 Death Knight
1 Unholy Aura
1 Death Coil
2 Lich
1 Frost Armor
1 Frost Nova
» actions
| Assign group hotkey | 11 | |
| Basic commands | 189 | |
| Build / train | 45 | |
| Enter build submenu | 15 | |
| Enter hero's abilities submenu | 4 | |
| Right click | 25 | |
| Select / deselect | 176 | |
| Select group hotkey | 77 | |
| Use ability | 26 | |
568 total
» units
| Acolyte | 7 | |
| Ghoul | 4 | |
| Frost Wyrm | 7 | |
| Crypt Fiend | 5 | |
23 total
» upgrades
| Creature Attack | 3 | |
| Creature Carapace | 2 | |
| Freezing Breath | 1 | |
| Web | 1 | |
7 total
» buildings
| Crypt | 1 | |
| Ziggurat | 8 | |
| Graveyard | 1 | |
| Halls of the Dead | 1 | |
| Altar of Darkness | 1 | |
| Black Citadel | 1 | |
| Sacrificial Pit | 1 | |
| Tomb of Relics | 1 | |
| Boneyard | 2 | |
| Spirit Tower | 4 | |
21 total
» build order
00:14 Crypt
00:18 Ziggurat
00:41 Graveyard
02:05 Halls of the Dead
02:25 Ziggurat
02:43 Altar of Darkness
03:29 Ziggurat
04:27 Black Citadel
04:55 Ziggurat
05:24 Sacrificial Pit
05:27 Tomb of Relics
07:04 Boneyard
07:08 Boneyard
07:12 Ziggurat
07:13 Ziggurat
10:52 Ziggurat
10:55 Ziggurat
13:09 Spirit Tower
13:15 Spirit Tower
13:33 Spirit Tower
15:31 Spirit Tower
» items
| Orb of Corruption | 1 | |
| Scroll of Town Portal | 1 | |
| Potion of Healing | 1 | |
3 total
DaHooligan (
teal | 46 APM | 3233 actions | 70:18)
10 Blademaster
3 Wind Walk
3 Critical Strike
1 Bladestorm
3 Mirror Image
» actions
| Assign group hotkey | 60 | |
| Basic commands | 208 | |
| Build / train | 138 | |
| Enter build submenu | 70 | |
| Enter hero's abilities submenu | 10 | |
| Give item / drop item | 14 | |
| Remove unit from queue | 1 | |
| Right click | 1435 | |
| Select / deselect | 594 | |
| Select group hotkey | 339 | |
| Use ability | 364 | |
3233 total
» units
| Peon | 13 | |
| Grunt | 4 | |
| Goblin Shredder | 1 | |
| Goblin Sapper | 9 | |
| Goblin Zeppelin | 2 | |
| Troll Batrider | 4 | |
| Raider | 5 | |
| Troll Witch Doctor | 1 | |
39 total
» upgrades
| Reinforced Defenses | 1 | |
| Ranged Weapons | 3 | |
| Armor | 3 | |
| Liquid Fire | 1 | |
| Envenomed Spears | 1 | |
| Pillage | 1 | |
| Troll Regeneration | 1 | |
| Melee Weapons | 3 | |
| Spiked Barricades | 2 | |
| Ensnare | 1 | |
| Shaman Training | 1 | |
| Witch Doctor Training | 0 | |
18 total
» buildings
| Orc Burrow | 4 | |
| Altar of Storms | 1 | |
| Barracks | 1 | |
| Voodoo Lounge | 4 | |
| War Mill | 2 | |
| Stronghold | 1 | |
| Watch Tower | 51 | |
| Great Hall | 3 | |
| Fortress | 1 | |
| Beastiary | 4 | |
| Spirit Lodge | 1 | |
73 total
» build order
00:14 Orc Burrow
00:35 Orc Burrow
01:04 Altar of Storms
01:06 Barracks
01:53 Voodoo Lounge
02:46 War Mill
03:55 Stronghold
04:16 Watch Tower
04:20 Watch Tower
05:03 Orc Burrow
05:09 Great Hall
06:36 Watch Tower
06:38 Watch Tower
06:41 Watch Tower
06:44 Watch Tower
06:48 Watch Tower
06:58 Watch Tower
07:45 Fortress
08:18 Orc Burrow
09:42 Watch Tower
09:43 Watch Tower
09:43 Watch Tower
09:45 Watch Tower
09:46 Watch Tower
09:48 Watch Tower
10:49 Watch Tower
10:50 Watch Tower
10:50 Watch Tower
11:52 War Mill
14:36 Beastiary
14:36 Beastiary
14:37 Beastiary
14:58 Beastiary
16:16 Watch Tower
16:17 Watch Tower
16:17 Watch Tower
16:19 Watch Tower
16:20 Watch Tower
16:21 Watch Tower
20:09 Voodoo Lounge
20:13 Voodoo Lounge
25:53 Watch Tower
25:53 Watch Tower
25:54 Watch Tower
26:02 Watch Tower
26:03 Watch Tower
26:03 Watch Tower
26:06 Watch Tower
26:06 Watch Tower
26:07 Watch Tower
26:07 Watch Tower
28:19 Great Hall
28:23 Voodoo Lounge
28:25 Watch Tower
28:26 Watch Tower
28:26 Watch Tower
28:28 Watch Tower
28:28 Watch Tower
28:29 Watch Tower
28:29 Watch Tower
30:08 Spirit Lodge
41:16 Great Hall
41:23 Watch Tower
41:24 Watch Tower
41:25 Watch Tower
41:28 Watch Tower
41:29 Watch Tower
41:29 Watch Tower
41:30 Watch Tower
» items
| Healing Salve | 14 | |
| Potion of Mana | 14 | |
| Lesser Clarity Potion | 12 | |
| Potion of Healing | 11 | |
| Scroll of Healing | 1 | |
| Scroll of Town Portal | 14 | |
| Orb of Corruption | 1 | |
67 total
I-WON-POWERBALL (
green | 56 APM | 3951 actions | 70:18)
5 Blademaster
3 Wind Walk
2 Critical Strike
2 Shadow Hunter
1 Hex
1 Healing Wave
» actions
| Assign group hotkey | 52 | |
| Basic commands | 175 | |
| Build / train | 90 | |
| Enter build submenu | 30 | |
| Enter hero's abilities submenu | 7 | |
| Remove unit from queue | 3 | |
| Right click | 1735 | |
| Select / deselect | 391 | |
| Select group hotkey | 1252 | |
| Use ability | 216 | |
3951 total
» units
| Peon | 17 | |
| Goblin Shredder | 3 | |
| Troll Batrider | 15 | |
| Wind Rider | 5 | |
| Raider | 4 | |
44 total
» upgrades
| Ranged Weapons | 2 | |
| Liquid Fire | 1 | |
| Reinforced Defenses | 1 | |
| Envenomed Spears | 1 | |
| Armor | 2 | |
| Ensnare | 1 | |
| Melee Weapons | 2 | |
10 total
» buildings
| Altar of Storms | 1 | |
| Orc Burrow | 6 | |
| Voodoo Lounge | 4 | |
| War Mill | 1 | |
| Stronghold | 2 | |
| Watch Tower | 43 | |
| Fortress | 1 | |
| Beastiary | 3 | |
| Great Hall | 3 | |
64 total
» build order
00:09 Altar of Storms
00:22 Orc Burrow
00:56 Voodoo Lounge
01:40 War Mill
02:10 Stronghold
02:52 Orc Burrow
02:54 Orc Burrow
03:28 Watch Tower
03:29 Watch Tower
03:30 Watch Tower
03:54 Orc Burrow
04:57 Fortress
06:04 Beastiary
06:19 Beastiary
06:41 Beastiary
08:56 Watch Tower
08:57 Watch Tower
11:22 Watch Tower
11:22 Watch Tower
11:22 Watch Tower
11:23 Watch Tower
11:23 Watch Tower
12:34 Watch Tower
12:34 Watch Tower
12:35 Watch Tower
12:35 Watch Tower
12:39 Great Hall
14:49 Voodoo Lounge
14:51 Watch Tower
14:52 Watch Tower
14:52 Watch Tower
17:00 Stronghold
20:55 Orc Burrow
20:56 Orc Burrow
21:19 Great Hall
21:22 Watch Tower
21:22 Watch Tower
21:22 Watch Tower
21:23 Watch Tower
21:23 Watch Tower
21:24 Watch Tower
21:24 Watch Tower
21:25 Watch Tower
21:26 Watch Tower
21:26 Watch Tower
22:53 Voodoo Lounge
27:21 Great Hall
28:18 Watch Tower
28:19 Watch Tower
28:19 Watch Tower
28:19 Watch Tower
28:19 Watch Tower
28:20 Watch Tower
29:16 Watch Tower
29:16 Watch Tower
29:17 Watch Tower
29:41 Voodoo Lounge
30:29 Watch Tower
30:30 Watch Tower
30:30 Watch Tower
30:31 Watch Tower
31:43 Watch Tower
31:43 Watch Tower
31:49 Watch Tower
» items
| Healing Salve | 5 | |
| Scroll of Town Portal | 7 | |
| Potion of Healing | 3 | |
| Orb of Lightning | 1 | |
| Lesser Clarity Potion | 2 | |
| Potion of Mana | 2 | |
20 total
team 2 (winner)

»
AIicious (
purple | 38 APM | 1997 actions | 53:08)
4 Death Knight
2 Death Coil
2 Unholy Aura
2 Lich
2 Frost Nova
» actions
| Basic commands | 36 | |
| Build / train | 45 | |
| Enter build submenu | 16 | |
| Enter hero's abilities submenu | 6 | |
| Give item / drop item | 2 | |
| Right click | 1393 | |
| Select / deselect | 427 | |
| Use ability | 72 | |
1997 total
» units
| Acolyte | 4 | |
| Ghoul | 3 | |
| Crypt Fiend | 9 | |
16 total
» upgrades
| Creature Attack | 1 | |
| Web | 1 | |
| Burrow | 1 | |
3 total
» buildings
| Altar of Darkness | 1 | |
| Ziggurat | 8 | |
| Crypt | 1 | |
| Graveyard | 1 | |
| Tomb of Relics | 1 | |
| Halls of the Dead | 1 | |
| Slaughterhouse | 1 | |
| Sacrificial Pit | 1 | |
| Black Citadel | 1 | |
| Spirit Tower | 8 | |
24 total
» build order
00:18 Altar of Darkness
00:21 Ziggurat
00:47 Crypt
01:06 Graveyard
01:59 Ziggurat
03:33 Tomb of Relics
03:57 Ziggurat
04:05 Halls of the Dead
05:11 Ziggurat
06:42 Slaughterhouse
07:20 Sacrificial Pit
08:39 Black Citadel
10:16 Ziggurat
10:19 Ziggurat
10:40 Ziggurat
11:10 Ziggurat
11:11 Spirit Tower
11:13 Spirit Tower
11:51 Spirit Tower
12:00 Spirit Tower
12:11 Spirit Tower
14:53 Spirit Tower
14:55 Spirit Tower
14:57 Spirit Tower
» items
| Rod of Necromancy | 1 | |
| Healing Salve | 1 | |
| Scroll of Speed | 1 | |
| Scroll of Town Portal | 1 | |
| Dust of Appearance | 3 | |
7 total
EvErY.RaCe (
yellow | 80 APM | 4393 actions | 54:45)
9 Demon Hunter
3 Mana Burn
3 Evasion
3 Metamorphosis
3 Priestess of the Moon
2 Trueshot Aura
1 Searing Arrows
» actions
| Assign group hotkey | 57 | |
| Basic commands | 454 | |
| Build / train | 81 | |
| Enter build submenu | 20 | |
| Enter hero's abilities submenu | 12 | |
| Give item / drop item | 5 | |
| Remove unit from queue | 2 | |
| Right click | 2064 | |
| Select / deselect | 880 | |
| Select group hotkey | 700 | |
| Use ability | 117 | |
4393 total
» units
| Wisp | 17 | |
| Archer | 10 | |
| Dryad | 18 | |
| Druid of the Claw | 6 | |
51 total
» upgrades
| Strength of the Wild | 3 | |
| Abolish Magic | 1 | |
| Druid of the Claw Training | 2 | |
| Reinforced Hides | 3 | |
| Mark of the Claw | 1 | |
10 total
» buildings
| Altar of Elders | 1 | |
| Moon Well | 8 | |
| Ancient of War | 1 | |
| Ancient of Wonders | 1 | |
| Tree of Ages | 1 | |
| Tree of Life | 3 | |
| Hunter's Hall | 1 | |
| Ancient of Lore | 3 | |
| Tree of Eternity | 2 | |
21 total
» build order
00:24 Altar of Elders
00:32 Moon Well
00:39 Ancient of War
01:19 Moon Well
01:58 Ancient of Wonders
03:01 Moon Well
03:59 Tree of Ages
04:53 Tree of Life
05:22 Hunter's Hall
06:54 Moon Well
06:58 Ancient of Lore
07:07 Ancient of Lore
09:29 Tree of Eternity
09:29 Tree of Eternity
10:35 Moon Well
11:25 Moon Well
14:27 Moon Well
14:27 Moon Well
16:44 Ancient of Lore
24:47 Tree of Life
30:24 Tree of Life
» items

»
CinnamonChasers (
pink | 32 APM | 1682 actions | 53:03)
6 Blademaster
2 Wind Walk
3 Critical Strike
1 Bladestorm
» actions
| Assign group hotkey | 8 | |
| Basic commands | 102 | |
| Build / train | 96 | |
| ESC pressed | 8 | |
| Enter build submenu | 31 | |
| Enter hero's abilities submenu | 6 | |
| Remove unit from queue | 4 | |
| Right click | 730 | |
| Select / deselect | 565 | |
| Select group hotkey | 19 | |
| Use ability | 112 | |
1682 total
» units
| Peon | 27 | |
| Grunt | 1 | |
| Troll Headhunter/Berserker | 4 | |
| Troll Batrider | 35 | |
67 total
» upgrades
| Ranged Weapons | 3 | |
| Armor | 1 | |
| Troll Regeneration | 1 | |
| Liquid Fire | 1 | |
6 total
» buildings
| Altar of Storms | 1 | |
| Orc Burrow | 6 | |
| Barracks | 1 | |
| War Mill | 1 | |
| Stronghold | 1 | |
| Beastiary | 3 | |
| Voodoo Lounge | 1 | |
| Great Hall | 4 | |
| Fortress | 1 | |
| Watch Tower | 11 | |
30 total
» build order
00:10 Altar of Storms
00:33 Orc Burrow
00:45 Barracks
01:42 War Mill
02:41 Orc Burrow
03:17 Stronghold
04:19 Orc Burrow
05:44 Beastiary
05:46 Beastiary
06:54 Voodoo Lounge
07:00 Orc Burrow
07:33 Beastiary
08:49 Great Hall
10:42 Fortress
11:12 Watch Tower
12:01 Watch Tower
12:52 Watch Tower
14:42 Orc Burrow
17:06 Watch Tower
17:33 Orc Burrow
23:15 Great Hall
25:08 Great Hall
25:32 Watch Tower
25:36 Watch Tower
25:42 Watch Tower
28:41 Watch Tower
28:48 Watch Tower
30:11 Watch Tower
30:14 Watch Tower
41:32 Great Hall
» items
| Scroll of Town Portal | 1 | |
| Orb of Lightning | 1 | |
| Potion of Healing | 3 | |
| Healing Salve | 1 | |
| Lesser Clarity Potion | 2 | |
| Scroll of Regeneration | 1 | |
9 total
CHEERSF.UCKERS (
orange | 78 APM | 5460 actions | 70:20)
9 Archmage
3 Summon Water Elemental
3 Brilliance Aura
1 Mass Teleport
2 Blizzard
» actions
| Assign group hotkey | 131 | |
| Basic commands | 191 | |
| Build / train | 250 | |
| ESC pressed | 7 | |
| Enter build submenu | 81 | |
| Enter hero's abilities submenu | 9 | |
| Right click | 2066 | |
| Select / deselect | 763 | |
| Select group hotkey | 1572 | |
| Use ability | 390 | |
5460 total
» units
| Peasant | 13 | |
| Footman | 6 | |
| Goblin Shredder | 2 | |
| Dragonhawk Rider | 5 | |
| Gryphon Rider | 13 | |
| Knight | 3 | |
| Mortar Team | 3 | |
| Goblin Zeppelin | 6 | |
| Rifleman | 6 | |
57 total
» upgrades
| Masonry | 3 | |
| Swords | 4 | |
| Animal War Training | 1 | |
| Armor | 3 | |
| Cloud | 1 | |
| Storm Hammers | 1 | |
| Lumber Harvesting | 2 | |
| Sorceress Training | 2 | |
| Priest Training | 2 | |
| Plating | 3 | |
| Gunpowder | 3 | |
| Long Rifles | 1 | |
| Defend | 1 | |
| Backpack | 1 | |
| Control Magic | 1 | |
| Barrage | 1 | |
| Fragmentation Shards | 1 | |
| Flak Cannons | 1 | |
| Flare | 1 | |
| Flying Machine Bombs | 1 | |
| Magic Sentry | 1 | |
35 total
» buildings
| Altar of Kings | 1 | |
| Barracks | 2 | |
| Farm | 10 | |
| Arcane Vault | 2 | |
| Keep | 4 | |
| Lumber Mill | 1 | |
| Town Hall | 5 | |
| Scout Tower | 56 | |
| Castle | 3 | |
| Guard Tower | 82 | |
| Blacksmith | 1 | |
| Gryphon Aviary | 4 | |
| Arcane Sanctum | 1 | |
| Workshop | 2 | |
174 total
» build order
00:50 Altar of Kings
01:02 Barracks
01:04 Farm
01:06 Farm
01:49 Farm
02:53 Farm
03:11 Farm
03:40 Arcane Vault
03:42 Farm
04:06 Keep
04:06 Keep
04:06 Keep
04:46 Farm
06:22 Lumber Mill
06:30 Town Hall
06:36 Scout Tower
06:38 Scout Tower
06:39 Scout Tower
06:41 Scout Tower
06:45 Scout Tower
06:47 Scout Tower
06:52 Scout Tower
07:04 Castle
07:04 Castle
07:28 Guard Tower
07:28 Guard Tower
07:28 Guard Tower
07:29 Guard Tower
07:29 Guard Tower
07:29 Guard Tower
07:30 Guard Tower
07:30 Guard Tower
07:40 Guard Tower
07:40 Guard Tower
07:40 Guard Tower
07:46 Guard Tower
07:46 Guard Tower
08:18 Guard Tower
08:19 Guard Tower
08:35 Blacksmith
08:55 Scout Tower
08:56 Scout Tower
09:25 Guard Tower
09:25 Guard Tower
09:25 Guard Tower
09:26 Guard Tower
09:26 Guard Tower
09:26 Guard Tower
09:33 Gryphon Aviary
09:35 Gryphon Aviary
10:45 Scout Tower
10:47 Scout Tower
10:49 Scout Tower
10:52 Scout Tower
11:43 Scout Tower
11:46 Scout Tower
11:50 Scout Tower
11:51 Scout Tower
11:52 Scout Tower
11:55 Scout Tower
12:15 Guard Tower
12:16 Guard Tower
12:16 Guard Tower
12:28 Gryphon Aviary
12:29 Gryphon Aviary
12:35 Farm
12:37 Farm
12:39 Guard Tower
12:39 Guard Tower
12:39 Guard Tower
12:40 Guard Tower
12:40 Guard Tower
12:41 Guard Tower
12:41 Guard Tower
13:22 Guard Tower
13:22 Guard Tower
13:23 Guard Tower
13:27 Scout Tower
13:29 Scout Tower
13:30 Scout Tower
14:25 Guard Tower
14:26 Guard Tower
14:26 Guard Tower
14:29 Scout Tower
14:30 Scout Tower
14:35 Scout Tower
14:38 Scout Tower
14:41 Guard Tower
14:41 Guard Tower
15:53 Guard Tower
15:53 Guard Tower
16:36 Arcane Sanctum
18:52 Workshop
18:53 Workshop
18:56 Scout Tower
18:57 Scout Tower
18:58 Scout Tower
18:58 Scout Tower
18:59 Scout Tower
19:00 Scout Tower
19:00 Scout Tower
19:01 Scout Tower
20:17 Arcane Vault
21:27 Guard Tower
21:27 Guard Tower
21:28 Guard Tower
22:02 Scout Tower
22:03 Scout Tower
22:04 Scout Tower
22:05 Scout Tower
23:04 Guard Tower
23:05 Guard Tower
23:05 Guard Tower
27:44 Town Hall
29:08 Scout Tower
29:09 Scout Tower
29:10 Scout Tower
29:11 Scout Tower
29:14 Scout Tower
30:36 Guard Tower
30:36 Guard Tower
32:02 Town Hall
32:20 Barracks
32:31 Scout Tower
32:32 Scout Tower
32:35 Scout Tower
32:36 Scout Tower
32:39 Scout Tower
33:09 Guard Tower
37:54 Town Hall
37:59 Scout Tower
38:01 Scout Tower
38:02 Scout Tower
38:03 Scout Tower
38:06 Scout Tower
38:07 Scout Tower
38:08 Scout Tower
38:10 Scout Tower
38:32 Guard Tower
38:33 Guard Tower
38:33 Guard Tower
38:33 Guard Tower
38:34 Guard Tower
38:34 Guard Tower
38:41 Guard Tower
38:41 Guard Tower
39:03 Guard Tower
39:03 Guard Tower
39:15 Guard Tower
39:15 Guard Tower
39:16 Guard Tower
55:26 Farm
56:10 Town Hall
» items
| Scroll of Regeneration | 9 | |
| Lesser Clarity Potion | 1 | |
| Mechanical Critter | 7 | |
| Scroll of Town Portal | 5 | |
| Staff of Sanctuary | 1 | |
| Potion of Healing | 1 | |
24 total
Chat log
(00:20 / Allies) CinnamonChasers: rushing bats
(00:22 / All) CHEERSF.UCKERS: poor man's fullscale, wooooo best map ever
(00:42 / All) SUSHiiALLDAY.co: i like gold rush:)
(00:48 / All) EvErY.RaCe: yesssss
(00:49 / Allies) AIicious: me too
(00:50 / All) SUSHiiALLDAY.co: can carry noob team mates
(00:55 / All) gila15: gold rush never comes up anymore
(00:56 / All) CHEERSF.UCKERS: I miss gold rush
(01:15 / All) SUSHiiALLDAY.co: islands is tilting but i miss that -.-
(01:15 / All) I-WON-POWERBALL: northshire > market square > twilight ruins = gold rush
(01:20 / All) CHEERSF.UCKERS: they replaced our old map pool with this gay ass shit
(01:29 / All) CHEERSF.UCKERS: I'm still pissed they reverted the northshire map pool
(01:31 / All) CHEERSF.UCKERS: fucking christ nigga
(01:36 / All) CHEERSF.UCKERS: fucking son of a bitch
(01:44 / All) SUSHiiALLDAY.co: i dont even know what northshire is
(01:45 / All) gila15: islands wsas fun also
(01:54 / All) CHEERSF.UCKERS: yeah I miss huyrricane isles
(01:57 / All) CHEERSF.UCKERS: and all the maps with personality
(01:59 / All) SUSHiiALLDAY.co: they still have that right?
(01:59 / All) gila15: yeah, that one
(02:03 / All) SUSHiiALLDAY.co: just people down it?
(02:07 / All) CHEERSF.UCKERS: not since years ago
(02:10 / All) SUSHiiALLDAY.co: oh new map?
(02:15 / All) CHEERSF.UCKERS: ?
(02:17 / All) SUSHiiALLDAY.co: man a decade of this game
(02:19 / All) CHEERSF.UCKERS: the current map pool is years old
(02:20 / All) SUSHiiALLDAY.co: all he years blend together
(02:25 / All) CHEERSF.UCKERS: they gave us a new one early last year
(02:27 / All) I-WON-POWERBALL: i have a great photographic memory-
(02:29 / All) CHEERSF.UCKERS: and then
(02:34 / All) CHEERSF.UCKERS: solo fags complained it isn't balanced
(02:38 / All) CHEERSF.UCKERS: so they reverted it for EVERY game type
(02:38 / All) SUSHiiALLDAY.co: lmao
(02:43 / All) CHEERSF.UCKERS: and said they'd give us a new one
(02:43 / All) I-WON-POWERBALL: november 2005 we got one map pool change then in august 2012. thats it
(02:48 / All) CHEERSF.UCKERS: but then they never posted on the forum again
(02:49 / All) SUSHiiALLDAY.co: time to get a petition going
(03:02 / All) gila15: no revenue from this game anymore
(03:03 / All) CHEERSF.UCKERS: I tried posting saying we need new maps and some faggot kept trying to argue against me
(03:03 / All) SUSHiiALLDAY.co: cuz they obv rake money on this game
(03:05 / All) CHEERSF.UCKERS: saying to play sc2
(03:08 / All) gila15: no incentive for them to do anything
(03:24 / All) CHEERSF.UCKERS: probably takes 5 secs to change it
(03:27 / All) SUSHiiALLDAY.co: yeah i know
(03:33 / All) CHEERSF.UCKERS: put me in charge of the map pool and I'll change it every month for free
(03:34 / All) SUSHiiALLDAY.co: probably more like 15 mins
(03:37 / All) SUSHiiALLDAY.co: but cant be hard
(03:43 / All) CinnamonChasers: not to mention they have a map builder than fans use
(03:49 / All) gila15: last thing they want to do is encourage more people to play this
(03:50 / All) CHEERSF.UCKERS: They could give us brand new maps
(03:53 / All) CHEERSF.UCKERS: never before seen ez
(04:13 / All) CHEERSF.UCKERS: blizzard is a son of a bitch
(04:24 / All) gila15: they want you to play WoW
(04:25 / All) CHEERSF.UCKERS: have sucked for years
(04:31 / All) I-WON-POWERBALL: alreadsy doing it
(04:34 / All) CHEERSF.UCKERS: sucked over a decade now actually
(04:35 / All) SUSHiiALLDAY.co: this is the only PC game i play -.-
(04:37 / All) I-WON-POWERBALL: i trade wow gold for amazon credit
(04:49 / All) CHEERSF.UCKERS: only thing wow is good for
(04:56 / All) CHEERSF.UCKERS: impersonating the chinese gold farmers and making dough off of it
(04:56 / All) SUSHiiALLDAY.co: dude u won powerball
(04:59 / All) SUSHiiALLDAY.co: why r u trading anythinmg
(05:04 / All) gila15: how much do you get?
(05:05 / All) I-WON-POWERBALL: oh ya
(05:08 / All) I-WON-POWERBALL: 1.5 bil
(05:11 / All) gila15: and how often do you do it?
(05:14 / All) SUSHiiALLDAY.co: i think hes lying
(05:28 / All) CHEERSF.UCKERS: garrisons
(05:30 / All) CHEERSF.UCKERS: lots do it now
(06:02 / Allies) EvErY.RaCe: ..
(06:06 / Allies) CHEERSF.UCKERS: meant to give you that tome
(07:38 / All) EvErY.RaCe: FUCK
(08:53 / Allies) EvErY.RaCe: lets check expo
(08:56 / Allies) CHEERSF.UCKERS: k
(09:58 / Allies) CinnamonChasers: lumber if u can spare
(10:10 / Allies) CinnamonChasers: he massign bats
(10:13 / Allies) CHEERSF.UCKERS: wyrms
(10:26 / Allies) EvErY.RaCe: b
(10:43 / Allies) AIicious: mass bats
(10:47 / Allies) CinnamonChasers: i am
(10:54 / Allies) AIicious: they got bass bats too
(10:59 / Allies) CinnamonChasers: ya
(11:23 / Allies) CHEERSF.UCKERS: help
(11:38 / Allies) CHEERSF.UCKERS: ty
(12:12 / Allies) CHEERSF.UCKERS: bat here
(13:27 / All) DaHooligan: pink is a pro
(13:31 / All) DaHooligan: he gets paid to play
(13:37 / All) DaHooligan: nigerian pro
(13:43 / All) CHEERSF.UCKERS: I get paid to play too, won $3 from a 4v4
(13:44 / All) CHEERSF.UCKERS: sold a win
(13:49 / All) CHEERSF.UCKERS: to someone begging
(13:58 / All) DaHooligan: they got their money back
(14:07 / All) CHEERSF.UCKERS: nah
(14:17 / All) CHEERSF.UCKERS: Paypal is a bitch lawl
(14:52 / All) SUSHiiALLDAY.co: FIGHT BLUE
(14:54 / All) SUSHiiALLDAY.co: ur frost are not doing shit
(16:25 / Allies) CinnamonChasers: ill take any and all resources
(16:41 / Allies) AIicious: out
(16:48 / Allies) EvErY.RaCe: wood
(17:18 / Allies) CHEERSF.UCKERS: cloud gogog
(18:25 / All) SUSHiiALLDAY.co: blue ur awesome too lol
(18:41 / Allies) AIicious: use my gold mine
(18:43 / All) SUSHiiALLDAY.co: ur frost were webbed and u just had them running in slow motion lol
(18:56 / Allies) EvErY.RaCe: wood plz
(19:03 / All) SUSHiiALLDAY.co: u did suicide them
(19:04 / All) SUSHiiALLDAY.co: LOL
(20:21 / All) SUSHiiALLDAY.co: wtf u stole my expo
(20:22 / All) SUSHiiALLDAY.co: lmfao
(21:22 / All) CHEERSF.UCKERS: It's gay you can't staff webbed units
(21:31 / All) SUSHiiALLDAY.co: staff is already good enough
(21:38 / All) CHEERSF.UCKERS: fiends are already good enough lawl
(21:44 / All) EvErY.RaCe: jesus
(21:44 / All) CHEERSF.UCKERS: undead use a few units all game, it's gay
(21:55 / All) SUSHiiALLDAY.co: play random hoe
(21:59 / Allies) AIicious: to many towers
(22:39 / Allies) AIicious: thats game
(22:54 / All) CHEERSF.UCKERS: nice, level 6
(24:32 / All) I-WON-POWERBALL: red u dumbshit
(25:02 / All) DaHooligan: How about I rape your base yella
(25:13 / All) I-WON-POWERBALL: if u tped earlier it would have been saved
(25:35 / Allies) AIicious: use my expo
(25:43 / Allies) CHEERSF.UCKERS: k
(25:45 / All) DaHooligan: we need night elves and boots
(25:56 / Allies) CHEERSF.UCKERS: I'll send peasants to your base purp
(26:12 / Allies) AIicious: we need cloud
(26:20 / Allies) CHEERSF.UCKERS: what for?
(26:26 / Allies) EvErY.RaCe: many towers
(26:29 / Allies) CHEERSF.UCKERS: what does cloud do? I just got this game
(26:32 / Allies) CHEERSF.UCKERS: how does it help vs towers?
(26:46 / All) DaHooligan: yellow you mana burn me one more time and your base diees
(26:48 / Allies) AIicious: dk
(26:52 / Allies) CHEERSF.UCKERS: I only played the campaign before
(27:16 / Allies) AIicious: dk
(27:17 / All) DaHooligan: I wanred you
(27:52 / All) SUSHiiALLDAY.co: goddamnit
(27:58 / Allies) CinnamonChasers: we gotta cut off the gold supply for sure
(28:26 / All) CHEERSF.UCKERS: sleep, the counter to mass tp lol
(28:30 / All) CHEERSF.UCKERS: not used to ud having dl in 4v4
(28:41 / All) SUSHiiALLDAY.co: dude i just got ganked
(28:44 / All) SUSHiiALLDAY.co: and u wont give me gold for TP
(28:44 / Allies) AIicious: its over
(28:49 / All) I-WON-POWERBALL: ur cowering in ur base
(28:53 / All) I-WON-POWERBALL: get over here retard
(30:06 / All) CHEERSF.UCKERS: wtf
(30:09 / All) CHEERSF.UCKERS: didn't tp those gryphons?
(30:09 / All) CHEERSF.UCKERS: gay
(30:14 / All) gila15: too far man
(30:22 / All) SUSHiiALLDAY.co: lol u guys cant win :)
(30:25 / All) CHEERSF.UCKERS: they looked pretty close
(30:34 / All) SUSHiiALLDAY.co: teal has 7k gold
(30:39 / All) SUSHiiALLDAY.co: green has 5k
(31:10 / All) I-WON-POWERBALL: fucking hacker red
(31:57 / All) SUSHiiALLDAY.co: game is over they have no units except OJ
(32:30 / All) SUSHiiALLDAY.co: omg
(32:47 / Allies) EvErY.RaCe: 200 for orb?
(32:48 / Allies) EvErY.RaCe: oj?
(32:53 / Allies) CHEERSF.UCKERS: k
(32:56 / All) DaHooligan: pink mhs
(33:06 / All) DaHooligan: he needs it
(33:21 / Allies) EvErY.RaCe: 1 cloud
(33:23 / Allies) EvErY.RaCe: n hit expo
(34:39 / All) I-WON-POWERBALL: red stfu
(34:43 / All) I-WON-POWERBALL: im tired of ur gay ass
(35:16 / Allies) CinnamonChasers: great job
(35:58 / All) SUSHiiALLDAY.co: this is hilarious
(38:04 / Allies) EvErY.RaCe: they got a decent amount
(38:22 / Allies) AIicious: we need those bats to kill thw wyms
(38:29 / All) SUSHiiALLDAY.co: bro i asked for a TP
(38:39 / Allies) AIicious: get out ogf there
(39:44 / Allies) AIicious: pink
(39:56 / All) DaHooligan: your base dies now pussy yellow
(40:00 / All) EvErY.RaCe: darn
(40:28 / Allies) CinnamonChasers: sending bats
(40:37 / Allies) EvErY.RaCe: dont get webbed
(40:51 / Allies) AIicious: get units
(40:53 / Allies) AIicious: out of there
(40:55 / Allies) CinnamonChasers: gonna save em for when we fight
(41:07 / Allies) AIicious: back yellows
(41:20 / All) I-WON-POWERBALL: dont need raiders
(41:22 / Allies) AIicious: tp rorange
(41:24 / All) SUSHiiALLDAY.co: LMFAO
(41:28 / All) EvErY.RaCe: lolol
(41:32 / All) SUSHiiALLDAY.co: this is so funny
(41:33 / All) SUSHiiALLDAY.co: man
(42:13 / All) CHEERSF.UCKERS: pussy red?
(42:15 / All) CHEERSF.UCKERS: not gonna fight me?
(42:20 / All) SUSHiiALLDAY.co: go kill urself
(42:23 / All) SUSHiiALLDAY.co: u ran lijke 10 times
(42:29 / All) CHEERSF.UCKERS: no I didn't
(42:33 / All) SUSHiiALLDAY.co: lmfao
(42:38 / All) SUSHiiALLDAY.co: same shit nigga
(42:38 / All) CHEERSF.UCKERS: I did not retreat, only regroup
(42:51 / All) CHEERSF.UCKERS: they were planned tactical engagements
(42:58 / All) DaHooligan: pussy
(42:59 / All) DaHooligan: coward
(43:01 / All) CHEERSF.UCKERS: designed to have the optimal outcome given the circumstances
(43:05 / All) CHEERSF.UCKERS: and to level my hero
(43:06 / Allies) EvErY.RaCe: want item
(43:08 / Allies) EvErY.RaCe: oj?
(43:20 / All) I-WON-POWERBALL: this is a true wild wild west showdown
(43:22 / All) CHEERSF.UCKERS: my tactical engagements of optimal outcome are far less pussy than your outright retreats
(43:24 / All) I-WON-POWERBALL: who is gonnna F up first
(43:27 / Allies) CHEERSF.UCKERS: no ty
(43:38 / All) CHEERSF.UCKERS: your retreats are simply a show of cowardice
(43:46 / All) I-WON-POWERBALL: pink ill let u kill my bm if u let me kill ur bas
(43:46 / All) CHEERSF.UCKERS: your being driven to route, a sign of your weakness
(43:56 / All) CHEERSF.UCKERS: you rest on teal and green's laurels, however, you yourself are but a pleb
(44:11 / All) CHEERSF.UCKERS: or perhaps lower, capite censi, for you are without head and not worth counting
(44:21 / All) CHEERSF.UCKERS: aye, the game could be without you and none would be the wiser, red
(44:30 / All) CHEERSF.UCKERS: you are a complete NOOB
(44:35 / All) CHEERSF.UCKERS: suffice it to say
(44:35 / All) DaHooligan: what a little bitch you are pink
(44:42 / All) gila15: and all he did was whine the whole game
(44:51 / Allies) EvErY.RaCe: use [otion
(44:57 / All) CHEERSF.UCKERS: coward noob?
(44:59 / All) CHEERSF.UCKERS: coward noob
(45:03 / All) SUSHiiALLDAY.co: u can come at me
(45:59 / All) CinnamonChasers: please hack more
(46:02 / All) CHEERSF.UCKERS: raped
(46:12 / All) I-WON-POWERBALL: who u talking to pink llol
(46:16 / All) SUSHiiALLDAY.co: nice tactics
(46:17 / All) SUSHiiALLDAY.co: OJ
(46:29 / Allies) AIicious: u need to mass tele there
(46:30 / All) CHEERSF.UCKERS: I kill your whole army scrub noob
(46:32 / All) I-WON-POWERBALL: did pinks bm die
(46:35 / All) DaHooligan: yes
(46:54 / All) CinnamonChasers: yeah magically this fucker knows where he is 24/7
(47:00 / All) I-WON-POWERBALL: wehre yellow dh im gonna kill it next
(47:01 / All) CinnamonChasers: "magic"
(47:11 / All) EvErY.RaCe: right ther
(47:12 / All) I-WON-POWERBALL: HE WAS USING REVEAL AT GOBLIN LAB LOL
(47:15 / All) I-WON-POWERBALL: that isnt hack
(48:19 / All) CHEERSF.UCKERS: fight me little bitch red
(48:22 / All) CHEERSF.UCKERS: little pussy cunt coward
(48:25 / All) SUSHiiALLDAY.co: how u know i was here
(48:25 / All) SUSHiiALLDAY.co: nigga
(48:31 / All) CHEERSF.UCKERS: I'm just camping this
(48:36 / All) DaHooligan: Come die bitch
(48:37 / All) CHEERSF.UCKERS: and saw you
(48:46 / All) CHEERSF.UCKERS: little pussy coward?
(48:46 / All) DaHooligan: Yellow come meet your maker
(48:49 / All) DaHooligan: before I meat you
(48:51 / All) EvErY.RaCe: +D
(48:52 / All) CHEERSF.UCKERS: little pussy coward!
(48:53 / All) EvErY.RaCe: =D
(48:55 / All) DaHooligan: You about to be raped boy
(49:01 / All) I-WON-POWERBALL: if u leave ur home u die
(49:10 / All) CHEERSF.UCKERS: little pussy coward
(49:34 / All) CHEERSF.UCKERS: little pussy coward
(49:35 / All) CHEERSF.UCKERS: Coward cunt
(49:37 / All) CHEERSF.UCKERS: little bitch boy
(50:03 / All) CHEERSF.UCKERS: little pussy coward
(50:03 / All) SUSHiiALLDAY.co: TEHEE
(50:31 / All) CHEERSF.UCKERS: use all your mana little pussy
(50:35 / All) CHEERSF.UCKERS: I have 20k to rebuild bitch boy
(50:53 / All) SUSHiiALLDAY.co: ur homeboy yellow dying
(51:24 / All) EvErY.RaCe: dryad lives
(51:35 / All) CHEERSF.UCKERS: wow all 8 players here
(51:35 / All) DaHooligan: for now
(51:41 / All) EvErY.RaCe: lolol
(51:47 / All) AIicious: its funny to watch
(51:56 / All) AIicious: itas really over
(51:56 / All) SUSHiiALLDAY.co: noobfest 2000
(52:18 / All) CHEERSF.UCKERS: Alright everyone listen up
(52:27 / All) CHEERSF.UCKERS: Me, teal and green were in this together, we are going to give you all fair chances at winning
(52:32 / All) CHEERSF.UCKERS: we are going to kill everything including our own units
(52:37 / All) CHEERSF.UCKERS: nothing will be left save for buildings
(52:41 / All) CHEERSF.UCKERS: the last one to leave will leave victorious
(52:46 / All) CHEERSF.UCKERS: will you all leave your pcs on all night for the win?
(52:47 / All) EvErY.RaCe: LMFAOOOOOOOOOO
(53:05 / All) EvErY.RaCe: ill be the 1st to go
(53:06 / All) EvErY.RaCe: DAM
(53:10 / All) CHEERSF.UCKERS: Pink doesn't want to standoff
(53:11 / All) CHEERSF.UCKERS: or purple
(53:15 / All) CHEERSF.UCKERS: but you will leave your pc on all night yellow
(53:16 / All) EvErY.RaCe: my team gave up!
(53:16 / All) CHEERSF.UCKERS: yes?
(53:20 / All) CHEERSF.UCKERS: nah
(53:21 / All) EvErY.RaCe: its all on me!!!!!!!!!!!!!!!!
(53:22 / All) CHEERSF.UCKERS: only red is on the enemy team
(53:27 / All) CHEERSF.UCKERS: green and teal will leave too
(53:28 / All) EvErY.RaCe: ohh lol
(53:29 / All) CHEERSF.UCKERS: for the standoff
(53:36 / All) EvErY.RaCe: me vs red
(53:42 / All) CHEERSF.UCKERS: Red
(53:45 / All) CHEERSF.UCKERS: Will you leave your PC on all night?
(53:48 / All) CHEERSF.UCKERS: for the standoff?
(53:57 / All) CHEERSF.UCKERS: RED
(54:06 / All) EvErY.RaCe: red choose 1 or 2 if u guess right ill leave
(54:13 / All) gila15: 2
(54:18 / All) CHEERSF.UCKERS: oh yeah blue is there
(54:20 / All) EvErY.RaCe: RED only can guess
(54:20 / All) CHEERSF.UCKERS: Blue
(54:24 / All) CHEERSF.UCKERS: will you leave your pc on all night?
(54:25 / All) CHEERSF.UCKERS: for the win?
(54:30 / All) gila15: i wanna guess too!
(54:33 / All) EvErY.RaCe: ok
(54:35 / All) EvErY.RaCe: 9 or 10
(54:36 / All) CHEERSF.UCKERS: Yellow is a sportsman he says he will outlast you
(54:38 / All) gila15: 10
(54:42 / All) EvErY.RaCe: U GOT IT
(54:43 / All) EvErY.RaCe: GG WP
(54:48 / All) CHEERSF.UCKERS: damn
(54:54 / All) CHEERSF.UCKERS: bad luck for you fuckers
(55:05 / All) DaHooligan: sorry red sorry blue
(55:11 / All) CHEERSF.UCKERS: TIME FOR YOU TWO TO LOSE LOL
(55:20 / All) gila15: but why???
(55:31 / All) CHEERSF.UCKERS: YOU MUST
(55:34 / All) CHEERSF.UCKERS: My team all left
(55:36 / All) CHEERSF.UCKERS: No standoff
(55:41 / All) gila15: but i wanna win!
(55:53 / All) CHEERSF.UCKERS: Blame yellow purple and pink
(56:00 / All) CHEERSF.UCKERS: they're losers that don't want to participate in standoff
(57:32 / All) CHEERSF.UCKERS: did you enjoy this game red
(57:33 / All) CHEERSF.UCKERS: as much as us
(57:39 / All) I-WON-POWERBALL: im satsified red is gonna get the loss
(57:52 / All) gila15: why drag me down with him?
(57:55 / All) I-WON-POWERBALL: he blames me and teal yet he losttop 2v2
(58:06 / All) gila15: it was 2v3 man
(58:26 / All) DaHooligan: I don't even remember blue
(58:28 / All) DaHooligan: what did he have lol
(58:35 / All) I-WON-POWERBALL: me neither actually
(58:37 / All) gila15: he had a couple of fiends
(58:45 / All) DaHooligan: you got raped early huh
(58:59 / All) gila15: i got raped 1v3 really
(59:04 / All) gila15: since red was no help
(59:51 / All) DaHooligan: blue was our weakest link
(60:03 / All) gila15: because I could not win 1v3?
(60:09 / All) gila15: ummmm...okay
(60:12 / All) DaHooligan: please stop with excuses
(60:14 / All) DaHooligan: you let us down
(60:14 / All) I-WON-POWERBALL: i would say me but i took out purple's hall and made teal hit his acos
(60:23 / All) CHEERSF.UCKERS: BLUE GOT RAPED
(60:31 / All) gila15: yeah, I got raped
(60:31 / All) CHEERSF.UCKERS: Blue, you're total noob
(60:36 / All) gila15: it was 1v3
(60:40 / All) I-WON-POWERBALL: i like blue he was nice
(60:42 / All) I-WON-POWERBALL: red was not
(60:44 / All) gila15: watch the replay
(60:45 / All) CHEERSF.UCKERS: so you're 86-84
(60:45 / All) I-WON-POWERBALL: red was arrogant
(60:46 / All) DaHooligan: blue
(60:50 / All) CHEERSF.UCKERS: noobs deserve noob records, noob
(60:54 / All) I-WON-POWERBALL: red said he carries noobs which i didnt like
(60:54 / All) DaHooligan: you got raped fair and square
(61:01 / All) CHEERSF.UCKERS: RAPED FAIR AND SQUARE
(61:04 / All) gila15: i admit I got raped
(61:09 / All) CHEERSF.UCKERS: good
(61:13 / All) gila15: i also admit it was 1v3
(61:14 / All) CHEERSF.UCKERS: you can only recover from rape when you acknowledge it
(61:22 / All) DaHooligan: take your lumps like a man
(61:41 / All) CHEERSF.UCKERS: Blue took it like a woman
(61:56 / All) gila15: dont be sexist
(62:00 / All) CHEERSF.UCKERS: we play more after this?
(62:10 / All) gila15: invite me phucker
(62:17 / All) CHEERSF.UCKERS: not talking to you
(62:29 / All) DaHooligan: need a fountain of health up in this bitch
(62:30 / All) gila15: then phuck you :)
(62:54 / All) SUSHiiALLDAY.co: so whats going on?
(62:57 / All) SUSHiiALLDAY.co: OJ just sitting in his base?
(62:58 / All) SUSHiiALLDAY.co: LOL
(63:13 / All) CHEERSF.UCKERS: Blue would you tk with us if we invited you?
(63:19 / All) CHEERSF.UCKERS: You'd need a new throwaway account to play with us
(63:22 / All) CHEERSF.UCKERS: we all have to be 0-0 to match
(63:22 / All) gila15: hmmmm
(63:29 / All) SUSHiiALLDAY.co: lol u guys all buddies?
(63:30 / All) SUSHiiALLDAY.co: -.-
(63:31 / All) CHEERSF.UCKERS: we can show you the ropes of being a stabber
(63:32 / All) SUSHiiALLDAY.co: no wonder
(63:33 / All) CHEERSF.UCKERS: yeah we explained it
(63:44 / All) SUSHiiALLDAY.co: hehe funny shit
(63:45 / All) CHEERSF.UCKERS: You can join us for some games if you want blue
(63:48 / All) CHEERSF.UCKERS: or red
(63:52 / All) gila15: okay
(64:14 / All) CHEERSF.UCKERS: Alright
(64:17 / All) SUSHiiALLDAY.co: im cool
(64:20 / All) SUSHiiALLDAY.co: for now
(64:21 / All) SUSHiiALLDAY.co: lol
(64:25 / All) SUSHiiALLDAY.co: sounds fund though
(64:27 / All) SUSHiiALLDAY.co: gotta go to bed
(65:06 / All) I-WON-POWERBALL: im thinking
(65:10 / All) I-WON-POWERBALL: is blue a girl
(65:15 / All) CHEERSF.UCKERS: Blue are oyu a chick?
(65:19 / All) CHEERSF.UCKERS: you seemed like one earlier
(65:26 / All) gila15: yes
(65:30 / All) DaHooligan: no girls allowed
(65:38 / All) gila15: sexist pig
(65:45 / All) CHEERSF.UCKERS: lol
(66:13 / All) CHEERSF.UCKERS: wtf
(66:16 / All) CHEERSF.UCKERS: I used staff with no hall
(66:20 / All) CHEERSF.UCKERS: and it worked and broughtm y hawk to a barracks
(66:36 / All) DaHooligan: Sooner give a cobra a kiss than a secret to a woman
(66:51 / All) CHEERSF.UCKERS: EMD THE GAme?
(66:53 / All) I-WON-POWERBALL: i say its a bad idea, we cant exactly trust blue
(66:58 / All) CHEERSF.UCKERS: yeah end it
(67:09 / All) gila15: why cant you trust me?
(67:17 / All) gila15: the game will be like this one, right?
(67:20 / All) I-WON-POWERBALL: come to channel nigger on new account then thats where we search
(67:23 / All) gila15: i dont care about losing in the end
(67:26 / All) DaHooligan: you're either a G.I.R.L. or a girl
(67:30 / All) DaHooligan: either way not trustworthy
(67:39 / All) gila15: racist pigs
(67:39 / All) CHEERSF.UCKERS: might be funny if he's not trustworthy
(67:50 / All) CHEERSF.UCKERS: itc=ould be humorous
(68:04 / All) DaHooligan: tits or gtfo blue
(68:25 / All) gila15: ()()
(68:32 / All) I-WON-POWERBALL: a guild member on wow offered to eat a banana for me if i paid her 10k gold
(68:37 / All) gila15: (.)(.)
(68:38 / All) DaHooligan: you have saggy boobies
(69:49 / All) gila15: well?
(70:02 / All) CHEERSF.UCKERS: END THIS SAGGY TITS KAVE
(70:04 / All) CHEERSF.UCKERS: KNAVE
(70:06 / All) I-WON-POWERBALL: im unsure if i want to eat right now
(70:10 / All) CHEERSF.UCKERS: NO
(70:10 / All) CHEERSF.UCKERS: NO
(70:11 / All) CHEERSF.UCKERS: NO
(70:12 / All) CHEERSF.UCKERS: YOU PLAY AGAIN